 Dungeon Crawl Stone Soup version 0.26-a0-639-g72c4674 (webtiles) character file.

Game seed: 13396294185573852873

7 B1Gdaddy5 the Stinger (level 1, 0/10 HPs)
             Began as a Deep Elf Venom Mage on Sept 20, 2020.
             Slain by a bat (1 damage)
             ... on level 1 of the Dungeon.
             The game lasted 00:04:54 (815 turns).

B1Gdaddy5 the Stinger (Deep Elf Venom Mage)          Turns: 815, Time: 00:04:55

Health: 0/10       AC:  3    Str:  5    XL:     1   Next: 91%
Magic:  6/6        EV: 12    Int: 19    God:
Gold:   0          SH:  0    Dex: 15    Spells: 5/6 levels left

rFire    . . .     SeeInvis .   e - +0 dagger
rCold    . . .     Faith    .   (no shield)
rNeg     . . .     Spirit   .   d - +0 leather armour
rPois    .         Reflect  .   (no helmet)
rElec    .         Harm     .   (no cloak)
rCorr    .         Rampage  .   (no gloves)
MR       .....                  (no boots)
Stlth    ++........             (no amulet)
HPRegen  0.03/turn              (no ring)
MPRegen  0.10/turn              (no ring)

@: hasted, very quick
A: no striking features
a: no special abilities


You were on level 1 of the Dungeon.
You visited 1 branch of the dungeon, and saw 1 of its levels.

Inventory:

Hand Weapons
 e - a +0 dagger (weapon)
Armour
 a - a +0 robe
 d - a +0 leather armour (worn)
Scrolls
 b - a scroll of noise {unknown}
Potions
 c - a potion of haste


   Skills:
 + Level 2.4 Dodging
 + Level 2.4 Stealth
 + Level 3.0 Spellcasting
 + Level 1.3 Transmutations
 + Level 3.7 Poison Magic


You had 5 spell levels left.
You knew the following spells:

 Your Spells              Type           Power        Failure   Level
a - Sting                 Tmut/Pois      ##..         9%          1

Your spell library contained the following spells:

 Spells                   Type           Power        Failure   Level
 Poisonous Vapours        Pois/Air       ##....       19%         2
 Ignite Poison            Fire/Tmut/Pois #.......     36%         3
 Mephitic Cloud           Conj/Pois/Air  #.......     41%         3
 Olgreb's Toxic Radiance  Pois           ###.....     47%         4


Dungeon Overview and Level Annotations

Branches:
Dungeon (1/15)

Altars:


Message History

A hobgoblin comes into view. It is wielding a +0 club.
The bat hits you.
* * * LOW HITPOINT WARNING * * *
The bat hits you.
* * * LOW HITPOINT WARNING * * *
The leopard gecko hisses angrily.
The bat hits you but does no damage. The bat closely misses you.
The bat barely misses you. The bat hits you but does no damage. x3
The bat misses you. The bat barely misses you.
The bat hits you but does no damage.
It was a potion of haste.
You feel yourself speed up. The bat completely misses you.
The bat hits you but does no damage. The bat completely misses you.
You are too injured to fight recklessly!
You are too injured to fight recklessly!
The bat closely misses you. x2
You see here 13 gold pieces.
The bat hits you.
You die...

... ..# #.. ..# ...# ..## ...
## #.. #..# ..# #.# .###..#
#..# #.# #.###.....#. #..#
#†####.#......... ..#
#..##...##.#.$....... ..#
#...)#.##.#......g.. #.#
##)..#@b..#......... ....#
##....##b.l.......... #.##.#
##..##.###.##..!......
#(##.###..###.##..##.!.......
#....##..## #....########....
##..#.#..## #..## ###
##..#...## ##.# .#.##..## [..
.)....## .


You could see a leopard gecko and 2 bats.

Vanquished Creatures
  3 goblins (D:1)
  A hobgoblin (D:1)
  A bat (D:1)
  2 rats (D:1)
7 creatures vanquished.

Notes
Turn   | Place    | Note
-------+----------+-------------------------------------------
     0 | D:1      | B1Gdaddy5 the Deep Elf Venom Mage began the quest for the
                  | Orb.
     0 | D:1      | Reached XP level 1. HP: 10/10 MP: 6/6
   815 | D:1      | Slain by a bat

Illustrated notes

Levels and vault maps discovered:
D:1:      dpeg_chamrin_arrival_tetris, layout_rooms

Action                   || total
-------------------------++-------
Melee: Unarmed           ||    13
       Dagger            ||     8
 Cast: Sting             ||    11
  Use: Potion            ||     1
Armor: Leather armour    ||    25
       Robe              ||     7
Dodge: Dodged            ||    78

Table legend: (Time is in decaauts)
 A = Elapsed time spent in this place.
 B = Non-inter-level travel time spent in this place.
 C = Inter-level travel time spent in this place.
 D = Time resting spent in this place.
 E = Time spent auto-exploring this place.
 F = Levels seen in this place.
 G = Mean time per level.
                   A        B        C        D        E       F      G
               +--------+--------+--------+--------+--------+-----+--------+
         Total |    813 |    813 |      0 |    628 |     43 |   1 |  813.0 |
       Dungeon |    813 |    813 |      0 |    628 |     43 |   1 |  813.0 |
               +--------+--------+--------+--------+--------+-----+--------+

Top non-repeatable levels by time:
     D:1: 813 daAuts
